 Dungeon Crawl Stone Soup version 0.29.1-13-g9f3cf754e1 (webtiles) character file.

Game seed: 10434309166659229308

70 protoss039 the Digger (level 4, 33/33 HPs)
             Began as a Demonspawn Earth Elementalist on Feb 9, 2023.
             Got out of the dungeon alive.
             The game lasted 00:02:43 (2890 turns).

protoss039 the Digger (DsEE)                        Turns: 2890, Time: 00:02:43

Health: 33/33      AC:  2    Str:  8    XL:     4   Next: 3%
Magic:  8/8        EV: 12    Int: 19    God:
Gold:   109        SH:  0    Dex: 13    Spells: 2/8 levels left

rFire   . . .      SeeInvis .   f - +0 whip (drain)
rCold   . . .      Faith    .   (no shield)
rNeg    . . .      Spirit   +   a - +0 robe
rPois   .          Reflect  .   (helmet restricted)
rElec   .          Harm     .   (no cloak)
rCorr   .          Rampage  .   (no gloves)
Will    .....                   (no boots)
Stlth   ++........              c - amulet of guardian spirit
HPRegen 0.11/turn               (no ring)
MPRegen 0.11/turn               (no ring)

@: no status effects
A: hooves 1, horns 1
a: no special abilities


You escaped.
You visited 1 branch of the dungeon, and saw 3 of its levels.

You collected 109 gold pieces.

Inventory:

Hand Weapons
 f - a +0 whip of draining (weapon)
Armour
 a - a +0 robe (worn)
Jewellery
 c - an amulet of guardian spirit (around neck)
Scrolls
 d - 2 scrolls of teleportation {unknown}
 g - 2 scrolls of enchant weapon {unknown}
 j - a scroll of blinking {unknown}
 k - 2 scrolls of identify {unknown}
Potions
 b - 2 potions of magic
 e - 3 potions of lignification {unknown}
 h - 3 potions of curing {unknown}
 i - a potion of attraction {unknown}
 l - a potion of might {unknown}


   Skills:
 + Level 2.0 Fighting
 - Level 1.7 Dodging
 - Level 1.7 Stealth
 + Level 2.7 Spellcasting
 - Level 0.8 Transmutations
 + Level 3.3 Earth Magic


You had 2 spell levels left.
You knew the following spells:

 Your Spells              Type           Power      Damage    Failure   Level
a - Sandblast             Erth           30%        2d9       4%          1
b - Passwall              Tmut/Erth      8%         N/A       10%         2
c - Stone Arrow           Conj/Erth      18%        3d8       24%         3

Your spell library contained the following spells:

 Spells                   Type           Power      Damage    Failure   Level
 Petrify                  Tmut/Erth      10%        N/A       54%         4
 Airstrike                Air            1%         2d(1-17)  83%         4
 Summon Lightning Spire   Summ/Air       2%         N/A       83%         4
 Lightning Bolt           Conj/Air       1%         1d12      99%         5


Dungeon Overview and Level Annotations

Branches:
Dungeon (3/15) Zot: 15084

Altars:


Innate Abilities, Weirdness & Mutations

You have large cloven feet.
You have a pair of small horns on your head.


Message History

You kick the hobgoblin, but do no damage.
The hobgoblin is heavily wounded.
The bat closely misses you. The hobgoblin closely misses you.
There are monsters nearby!
You hit the hobgoblin.
You kill the hobgoblin!
The bat closely misses you. The bat hits you but does no damage.
The endoplasm barely misses you.
Casting: Sandblast (safe; 4% risk of failure)
Confirm with . or Enter, or press ? or * to list all spells.
Aiming: Sandblast (safe; 4% risk of failure)
Press: ? - help, Shift-Dir - straight line, f - bat
Aim: a bat (73% to hit)
The blast of sand hits the bat!
You kill the bat!
The endoplasm freezes you.
You are frozen.
The endoplasm closely misses you.
You have reached level 4!
You feel clever.
Your demonic ancestry asserts itself...
A pair of horns grows on your head!
Unknown command.
You hit the endoplasm but do no damage. You drain the endoplasm.
You kick the endoplasm. You headbutt the endoplasm.
You kill the endoplasm!
Unknown command.
There is a stone staircase leading up here.
You climb upwards.
There is a stone staircase leading down here.
(D) Dungeon
Where to? (Enter - D:3 @ (x,y), ? - help)
What level of the Dungeon? (default 1, ? - help)
There is a stone staircase leading up here.
Magic restored.
You climb upwards.
HP restored.
There is a stone staircase leading down here.
There is a large open door here.
There is an open door here.
There is a staircase leading out of the dungeon here.
Are you sure you want to leave the Dungeon?
This will make you lose the game!
You have escaped!

......#
#...####''####...#
......#
#...###....###...########
.†....#
#...##......##...........
#######
#...##....#.##....######.
#..(#........#....# #.
#...#......#.#....# #.
#...#...##..)#....# #.
#...#..####..#....# #.
#...'..'@>+..'....# #.
#...#..####..#..### #.
#...#...##...#..# #.
######...#.#......#..# #.
#........#........#..# #.
####.##.#...##.#....##..#
#.
...#.##.#...##......##..#
#.
...#.##.#...###....###..#
#.
...#.##.#...####''####..#
#†


There were no monsters in sight!

Vanquished Creatures
  An adder (D:2)
  2 dart slugs (D:1)
  5 bats
  5 endoplasms
  2 giant cockroaches
  8 goblins
  5 hobgoblins
  2 jackals (D:3)
  3 quokkas
  5 ball pythons
  A frilled lizard (D:1)
  6 kobolds
  6 rats
51 creatures vanquished.

Notes
Turn   | Place    | Note
-------+----------+-------------------------------------------
     0 | D:1      | protoss039 the Demonspawn Earth Elementalist began the
                  | quest for the Orb.
     0 | D:1      | Reached XP level 1. HP: 13/13 MP: 3/3
   267 | D:1      | Discovered your monstrous ancestry.
   267 | D:1      | Gained mutation: You have large cloven feet. [demonic
                  | ancestry]
   267 | D:1      | Reached XP level 2. HP: 18/20 MP: 0/5
   420 | D:1      | Reached skill level 1 in Fighting
   556 | D:1      | Reached skill level 3 in Earth Magic
   632 | D:1      | Found a faded altar of an unknown god.
  1323 | D:1      | Reached XP level 3. HP: 22/26 MP: 4/6
  1552 | D:1      | Learned a level 2 spell: Passwall
  2488 | D:2      | Learned a level 3 spell: Stone Arrow
  2845 | D:3      | Gained mutation: You have a pair of small horns on your
                  | head. [demonic ancestry]
  2845 | D:3      | Reached XP level 4. HP: 30/33 MP: 5/8
  2890 | D:$      | Got out of the dungeon alive.

Illustrated notes

Levels and vault maps discovered:
D:1:      dpeg_arrival_refuge, layout_basic, basic_ecumenical_altar
D:2:      layout_loops_corners
D:3:      layout_basic, minmay_misc_feat_diagonals,
          minmay_misc_feat_more_columns, minmay_three_crescents

Skill      XL: |  1  2  3 |
---------------+----------+-----
Fighting       | 1 2 |  2.0
Earth Magic    | 3 |  3.3
Dodging        | |  1.7
Stealth        | |  1.7
Spellcasting   | |  2.7
Transmutations | |  0.8

Action                   |  1- 3 |  4- 6 || total
-------------------------+-------+-------++-------
Melee: Unarmed           |    37 |       ||    37
       Whip              |    68 |     1 ||    69
       Kick              |    18 |     1 ||    19
       Dagger            |     2 |       ||     2
       Punch             |     2 |       ||     2
       Headbutt          |       |     1 ||     1
 Cast: Sandblast         |    38 |       ||    38
 Stab: Sleeping          |     1 |       ||     1
Armor: Robe              |    30 |       ||    30
Dodge: Dodged            |   102 |       ||   102
